 Dungeon Crawl Stone Soup version 0.17-a0-1882-g750edc8 (webtiles) character file.

144 Anothat the Ruffian (level 5, -5/50 HPs)
             Began as a Troll Monk on Sept 22, 2015.
             Slain by an ogre
             ... wielding a +0 giant spiked club
              (29 damage)
             ... on level 4 of the Dungeon.
             The game lasted 00:06:13 (1626 turns).

Anothat the Ruffian (Troll Monk)                    Turns: 1626, Time: 00:06:13

Health: -5/50      AC:  5    Str: 20    XL:     5   Next: 5%
Magic:  4/4        EV: 10    Int:  6    God:
Gold:   219        SH:  0    Dex: 12    Spells: 0 memorised, 4 levels left

rFire  . . .     SeeInvis .       - Unarmed
rCold  . . .     Clarity  .     a - +0 robe
rNeg   . . .     SustAt   .     (no shield)
rPois  .         Gourm    +     (helmet restricted)
rElec  .         Spirit   .     (no cloak)
rCorr  .         Warding  .     (gloves unavailable)
rMut   .         Stasis   .     (boots unavailable)
MR     .....                    (no amulet)
Stlth  +.........               (no ring)
                                (no ring)

@: not resistant to hostile enchantments, very unstealthy
A: unfitting armour, claws 3, fast metabolism 3, gourmand, regeneration 2,
shaggy fur 1, tough skin 2
a: no special abilities


You were on level 4 of the Dungeon.
You were not hungry.

You visited 1 branch of the dungeon, and saw 4 of its levels.

You collected 219 gold pieces.

Inventory:

Armour
 a - a +0 robe (worn)
Jewellery
 k - a cursed -3 ring of protection {unknown}
Scrolls
 c - 3 scrolls of magic mapping {unknown}
 e - a scroll of fog {unknown}
 h - 2 scrolls of identify {unknown}
 j - 4 scrolls of remove curse {unknown}
Potions
 d - a potion of flight {unknown}
 g - 5 potions of curing {unknown}
 i - a potion of agility {unknown}
 l - 2 potions of poison {unknown}
 m - 3 potions of lignification {unknown}
 n - a potion of degeneration {unknown}
 o - a potion of heal wounds {unknown}
 p - a potion of might {unknown}
Comestibles
 b - 4 bread rations
 f - 2 meat rations
 q - a beef jerky
 r - a royal jelly


   Skills:
 - Level 2.5 Fighting
 - Level 2.6 Dodging
 - Level 1.1 Stealth
 + Level 6.1 Unarmed Combat


You had 4 spell levels left.
You didn't know any spells.

Dungeon Overview and Level Annotations

Branches:
Dungeon (4/15)
 Temple: D:4-7

Altars:
Elyvilon
Vehumet


Innate Abilities, Weirdness & Mutations

You are too large for most types of armour.
You have claws for hands.
Your metabolism is lightning-fast.
You like to eat raw meat.
You heal very quickly.
You are covered in fur (AC +1).
You have very tough skin (AC +2).


Message History

Done waiting.
An ogre comes into view. It is wielding a giant spiked club.
The ogre shouts!
Found two stone staircases leading up.
A giant frog comes into view.
There are monsters nearby!
Found a scroll labeled VACIOGGA LOETHU.
You scratch the ogre.
The ogre is lightly wounded.
The ogre hits you with a giant spiked club!!
Ouch! That really hurt!
You barely miss the ogre.
The ogre is lightly wounded.
The giant frog hits you but does no damage.
You closely miss the ogre.
The ogre is lightly wounded.
The giant frog barely misses you.
The ogre hits you with a giant spiked club!!
Ouch! That really hurt!
You die...

##.....## #.......##
.........# .........#
.....<...# .........#
......FO.#####
#......@###..# ### #
.........##..## #.###
..............######....
....[....##..##.......##
..<......##..##.##.#.##
...........###..##.#.#
#..............##....###
?..........######....##.
.......#### #........


You could see an ogre and a giant frog.

Vanquished Creatures
  A crimson imp (D:3)
  An orc priest (D:3)
  2 adders (D:2)
  2 worms (D:2)
  7 orcs
  4 giant cockroaches
  7 hobgoblins
  7 kobolds
  A quokka (D:3)
  A ball python (D:1)
  6 bats
  3 giant geckos (D:3)
  3 giant newts
  6 goblins
  6 rats
57 creatures vanquished.

Notes
Turn   | Place    | Note
--------------------------------------------------------------
     0 | D:1      | Anothat the Troll Monk began the quest for the Orb.
     0 | D:1      | Reached XP level 1. HP: 22/22 MP: 0/0
   207 | D:1      | Reached XP level 2. HP: 27/29 MP: 1/1
   593 | D:2      | Reached XP level 3. HP: 36/36 MP: 2/2
   671 | D:2      | Reached skill level 5 in Unarmed Combat
   792 | D:2      | Found a white marble altar of Elyvilon.
   999 | D:3      | Found a radiant altar of Vehumet.
  1025 | D:3      | Reached XP level 4. HP: 41/44 MP: 3/3
  1283 | D:3      | Reached skill level 6 in Unarmed Combat
  1466 | D:4      | Reached XP level 5. HP: 50/50 MP: 4/4
  1621 | D:4      | Noticed an ogre
  1622 | D:4      | Noticed a giant frog
  1626 | D:4      | Slain by an ogre

Vault maps used:
D:1:      eino_arrival_cavern_d
D:2:      nicolae_overflow_crystal_walls
D:3:      wad_pebble_path, lemuel_crystal_altar, first_bread

Action                   |  1- 3 |  4- 6 || total
-------------------------+-------+-------++-------
Melee: Unarmed           |    90 |    43 ||   133
 Stab: Sleeping          |       |     1 ||     1
  Eat: Chunk             |     6 |     6 ||    12
